 Dungeon Crawl Stone Soup version 0.23-a0-8-gb809bb7 (webtiles) character file.

51 Daviar the Skirmisher (level 3, -4/29 HPs)
             Began as a Demonspawn Monk on Aug 1, 2018.
             Was a Believer of Cheibriados.
             Slain by a hobgoblin
             ... wielding a +0 club
              (8 damage)
             ... on level 2 of the Dungeon.
             The game lasted 00:03:02 (1223 turns).

Daviar the Skirmisher (Demonspawn Monk)             Turns: 1223, Time: 00:03:02

Health: -4/29      AC:  2    Str: 16    XL:     3   Next: 57%
Magic:  3/3        EV: 14    Int: 15    God:    Cheibriados [**....]
Gold:   52         SH:  0    Dex: 19    Spells: 2/2 levels left

rFire    . . .     SeeInvis .   a - +0 mace
rCold    . . .     Gourm    .   (no shield)
rNeg     . . .     Faith    .   b - +0 robe
rPois    .         Spirit   .   (no helmet)
rElec    .         Reflect  .   (no cloak)
rCorr    .         Harm     .   (no gloves)
MR       .....                  (no boots)
Stlth    +++.......             (no amulet)
HPRegen  0.09/turn              (no ring)
MPRegen  0.08/turn              (no ring)

@: very slow
A: nightstalker 1
a: Bend Time, Renounce Religion


You were on level 2 of the Dungeon.
You worshipped Cheibriados.
Cheibriados was pleased with you.
You were not hungry.

You visited 1 branch of the dungeon, and saw 2 of its levels.

You collected 52 gold pieces.

Inventory:

Hand Weapons
 a - a +0 mace (weapon)
Armour
 b - a +0 robe (worn)
Jewellery
 i - an uncursed ring of protection from cold {unknown}
Scrolls
 d - a scroll of magic mapping {unknown}
 k - a scroll of identify {unknown}
 l - a scroll of enchant armour {unknown}
 m - a scroll of remove curse {unknown}
Potions
 e - a potion of degeneration {unknown}
 g - a potion of heal wounds {unknown}
 h - 2 potions of resistance {unknown}
 j - a potion of haste {unknown}
Comestibles
 c - 2 rations
 f - a chunk of flesh


   Skills:
 + Level 3.3 Fighting
 * Level 3.3 Maces & Flails
 + Level 1.0 Armour
 + Level 3.0 Dodging
 - Level 1.7 Stealth
 + Level 0.3 Invocations


You had 2 spell levels left.
You didn't know any spells.
Your spell library was empty.

Dungeon Overview and Level Annotations

Branches:
Dungeon (2/15)

Altars:
Cheibriados


Innate Abilities, Weirdness & Mutations

You are slightly more attuned to the shadows.


Message History

You hit the hobgoblin but do no damage. The hobgoblin hits you with a club.
You take 1 damage, and have 9/29 hp.
You closely miss the hobgoblin. The hobgoblin hits you with a club.
* * * LOW HITPOINT WARNING * * *
You take 1 damage, and have 8/29 hp.
You hit the hobgoblin.
The hobgoblin is almost dead.
You feel sick.
You are no longer poisoned.
The hobgoblin hits you with a club.
* * * LOW HITPOINT WARNING * * *
You take 5 damage, and have 3/29 hp.
You hit the hobgoblin but do no damage.
The hobgoblin is almost dead.
The hobgoblin closely misses you.
Some of the chunks of flesh in your inventory have rotted away.
You closely miss the hobgoblin.
The hobgoblin is almost dead.
The hobgoblin hits you with a club!
You die...

... ###.. ##+##.#.. ......#.###
.......... .....)#.######
#..Kh..... ###g##### #@#######
#.......#.#.#. #.#####.#...#.#
#.....#.#...#.# ##.###.#.#...#.#
# ##### ##..###.#..≈≈≈..# #
.#####...#####.......#.≈≈≈≈≈.####
.......#.......#######.≈≈.≈≈.....
.###..>#.#####.........≈≈)≈≈.####


You could see a jackal, a hobgoblin and a kobold.

Vanquished Creatures
  2 adders (D:2)
  3 dart slugs
  A giant cockroach (D:1)
  3 goblins
  5 hobgoblins
  2 jackals (D:2)
  4 kobolds (D:1)
  3 bats
  2 rats
25 creatures vanquished.

Notes
Turn   | Place    | Note
-------+----------+-------------------------------------------
     0 | D:1      | Daviar the Demonspawn Monk began the quest for the Orb.
     0 | D:1      | Reached XP level 1. HP: 18/18 MP: 1/1
   209 | D:1      | Gained mutation: You are slightly more attuned to the shadows. [demonic ancestry]
   209 | D:1      | Reached XP level 2. HP: 22/24 MP: 2/2
   884 | D:2      | Reached XP level 3. HP: 21/29 MP: 3/3
  1034 | D:2      | Found a snail-covered altar of Cheibriados.
  1076 | D:2      | Became a worshipper of Cheibriados the Contemplative
  1076 | D:2      | Reached * piety under Cheibriados
  1076 | D:2      | Reached ** piety under Cheibriados
  1203 | D:2      | Reached skill level 1 in Armour
  1223 | D:2      | Slain by a hobgoblin

Vault maps used:
D:1:      sevenhm_arrival_forest_fort_small_3, serial_glass, glass_columns_a,
          glass_columns_b
D:2:      kennysheep_six_static_rooms, kennysheep_slug_shrine

Skill      XL: |  1  2  3 |
---------------+----------+-----
Maces & Flails | 3 |  3.3
Dodging        | 3 |  3.0
Armour         | 1 |  1.0
Fighting       | |  3.3
Stealth        | |  1.7
Invocations    | |  0.3

Action                   || total
-------------------------++-------
Melee: Mace              ||    87
 Stab: Sleeping          ||     8
  Eat: Chunk             ||     1
Armor: Robe              ||     8
Dodge: Dodged            ||    70

Table legend:
 A = Spawn XP
 B = Non-spawn XP
 C = Spawn XP percentage of total XP
 D = Spawn monster count
 E = Non-spawn monster count
 F = Spawn count percentage of total count
 G = Total turns spent on level
                    A         B        C        D         E        F      G
               +---------+---------+-------+---------+---------+-------+---------
         Total |       0 |      73 |   0.0 |       0 |      25 |   0.0 |  1223
               +---------+---------+-------+---------+---------+-------+---------
           D:1 |       0 |      29 |   0.0 |       0 |      15 |   0.0 |   879
           D:2 |       0 |      44 |   0.0 |       0 |      10 |   0.0 |   344
               +---------+---------+-------+---------+---------+-------+---------
